 Dungeon Crawl Stone Soup version 0.31.0-9-g3a7656b989 (webtiles) character file.

Game seed: 15698443531322023772

318 AlmostDecent the Shooter (level 6, -7/51 HPs)
             Began as a Minotaur Hunter on Jan 24, 2024.
             Mangled by an ogre
             ... wielding a +0 giant club
              (16 damage)
             ... on level 4 of the Dungeon.
             The game lasted 00:08:36 (2630 turns).

AlmostDecent the Shooter (Minotaur Hunter)          Turns: 2630, Time: 00:08:36

Health: -7/51      AC:  5    Str: 15    XL:     6   Next: 21%
Magic:  5/5        EV: 11    Int:  6    God:
Gold:   112        SH:  0    Dex: 16    Spells: 5/5 levels left

rFire   + . .        f - +2 dagger (venom)
rCold   . . .        (no shield)
rNeg    . . .        k - +0 ring mail "Kecw" {rPois Stlth+}
rPois   +            (helmet restricted)
rElec   .            (no cloak)
rCorr   .            (no gloves)
SInv    .            (no boots)
Will    .....        i - amulet of the acrobat
Stlth   ++           q - ring of protection from fire
HPRegen 0.28/turn    (no ring)
MPRegen 0.09/turn

%: acrobat
@: no status effects
A: horns 2, retaliatory headbutt
a: no special abilities


You were on level 4 of the Dungeon.
You visited 1 branch of the dungeon, and saw 4 of its levels.

You collected 112 gold pieces.

Inventory:

Hand Weapons
 a - a +0 shortbow
 f - a +2 dagger of venom (weapon)
 h - a +0 vampiric spear
Armour
 c - a +0 leather armour
 k - the +0 ring mail "Kecw" (worn) {rPois Stlth+}
   (You found it on level 2 of the Dungeon)

   rPois:     It protects you from poison Stlth+: It makes you more stealthy.
Jewellery
 i - an amulet of the acrobat (around neck)
 q - a ring of protection from fire (left hand)
Wands
 r - a wand of flame (9)
Scrolls
 b - a scroll of butterflies
 d - a scroll of fog {unknown}
 e - 3 scrolls of identify {unknown}
 g - 3 scrolls of enchant armour {unknown}
 j - 3 scrolls of vulnerability {unknown}
 l - a scroll of blinking {unknown}
 m - a scroll of immolation {unknown}
 n - a scroll of enchant weapon {unknown}
Potions
 o - a potion of attraction
 s - a potion of degeneration {unknown}
 t - a potion of enlightenment {unknown}


   Skills:
 + Level 3.4 Fighting
 * Level 7.5 Ranged Weapons
 + Level 2.1 Armour
 + Level 2.4 Dodging
 + Level 0.8 Stealth


You had 5 spell levels left.
You didn't know any spells.
Your spell library was empty.

Dungeon Overview and Level Annotations

Branches:
Dungeon (4/15)
 Temple: D:4-7

Altars:
Dithmenos


Innate Abilities, Weirdness & Mutations

You have a pair of horns on your head.
You reflexively headbutt those who attack you in melee.


Message History

The hobgoblin shouts! x2
The arrow hits the kobold.
You kill the kobold!
You shoot an arrow.
The arrow hits the ogre but does no damage.
The ogre closely misses you.
You shoot an arrow. The arrow hits the ogre!
The ogre is moderately wounded.
A quokka comes into view.
The ball python barely misses you. The ball python grabs you.
The ball python constricts you.
You shoot an arrow. The arrow hits the ball python.
The ball python is severely wounded.
The ball python bites you but does no damage.
The ball python constricts you.
The ogre hits you with a +0 giant club!!
You shoot an arrow. The arrow hits the ball python.
You kill the ball python!
The ogre hits you with a +0 giant club!!
* * * LOW HITPOINT WARNING * * *
You are too injured to fight recklessly!
You are too injured to fight recklessly!
You are too injured to fight recklessly!
You feel better. The ogre hits you with a +0 giant club!
* * * LOW HITPOINT WARNING * * *
A phantom comes into view.
You see here a ball python corpse.
You are too injured to fight recklessly!
Fire: a) +0 shortbow
Press: ? - help, Q - select action, (/) - cycle Shift-Dir - straight line, f - ogre
Aim: an ogre, wielding a +0 giant club (moderately wounded, 77% to hit)
You shoot an arrow. The arrow hits the ogre.
The ogre is moderately wounded.
Found a stone staircase leading down.
You see here 14 gold pieces.
Okay, then.
Your +2 dagger of venom begins to drip with poison!
f - a +2 dagger of venom (weapon)
The ogre hits you with a +0 giant club!
You die...

......# $(#
..(..#W.. ...#
#....#rg ### #..#
##..##K# ..#
#..###...#K# ..#
#..##..##.# ..#
#..#...#g#.......
..#
#..#.##O##.......
..#
#..#.#@#...###...
..#
#....###......>.#
..#
#.##.......####
..# #.##########
..# #.# ### #.#
#.# ###########.#
............#


You could see an ogre, a phantom, a quokka, 2 hobgoblins and 2 kobolds.

Vanquished Creatures
  A hound (D:4)
  Ijyb (D:3)
  5 orc wizards
  6 adders
  4 ribbon worms
  A dart slug (D:3)
  6 orcs
  6 ball pythons
  6 endoplasms
  3 giant cockroaches
  10 goblins
  5 hobgoblins
  3 jackals (D:3)
  5 kobolds
  A quokka (D:3)
  8 bats
  2 frilled lizards
  6 rats
79 creatures vanquished.

Notes
Turn   | Place    | Note
-------+----------+-------------------------------------------
     0 | D:1      | AlmostDecent the Minotaur Hunter began the quest for the
                  | Orb.
     0 | D:1      | Reached XP level 1. HP: 18/18 MP: 0/0
   189 | D:1      | Reached XP level 2. HP: 25/25 MP: 1/1
   311 | D:1      | Reached skill level 5 in Ranged Weapons
   597 | D:1      | Found a faded altar of an unknown god.
   681 | D:2      | Identified the +0 ring mail "Kecw" {rPois Stlth+}
   941 | D:2      | Reached XP level 3. HP: 23/31 MP: 2/2
  1247 | D:2      | Reached XP level 4. HP: 38/38 MP: 3/3
  1429 | D:3      | Found a shadowy altar of Dithmenos.
  1436 | D:3      | Reached skill level 6 in Ranged Weapons
  1479 | D:3      | Noticed Ijyb
  1498 | D:3      | Killed Ijyb
  1654 | D:3      | Reached XP level 5. HP: 44/45 MP: 4/4
  1672 | D:3      | Reached skill level 1 in Armour
  2033 | D:3      | Reached skill level 7 in Ranged Weapons
  2455 | D:4      | Reached XP level 6. HP: 35/51 MP: 5/5
  2630 | D:4      | Mangled by an ogre

Illustrated notes

Levels and vault maps discovered:
D:1:      heliophobic_arrival_dark_side_of_the_moon, layout_loops_ring,
          shapermc_ecumenical_altar_mp_ritualfount,
          chequers_serial_rivers_room_b
D:2:      layout_basic, minmay_increasing_density
D:3:      layout_loops_corners, nicolae_dithmenos_the_darkroom, uniq_ijyb
D:4:      layout_basic, nicolae_yredelemnul_corpse_copse,
          mainiacjoe_overflow_surrounded_room,
          mainiacjoe_overflow_concentric_impassable, minmay_vboxes

Skill      XL: |  1  2  3  4  5  6 |
---------------+-------------------+-----
Ranged Weapons | 5 6 7 |  7.5
Fighting       | 3 |  3.4
Armour         | 1 2 |  2.1
Dodging        | |  2.4
Stealth        | |  0.8

Action                     |  1- 3 |  4- 6 || total
---------------------------+-------+-------++-------
  Melee: Dagger            |       |     7 ||     7
         Headbutt          |       |     1 ||     1
   Fire: Shortbow          |   117 |   144 ||   261
    Use: Potion            |       |     6 ||     6
 Armour: Ring mail         |    31 |    89 ||   120
  Dodge: Dodged            |    29 |    61 ||    90
